[Event "*** Titled Tuesday Blitz"]
[Site "Chess.com"]
[Date "2021.02.16"]
[Round "9"]
[White "rasmussvane"]
[Black "ChessWarrior7197"]
[Result "0-1"]
[WhiteElo "2925"]
[BlackElo "2969"]
[TimeControl "180+1"]
[EndTime "11:45:43 PST"]
[Termination "ChessWarrior7197 won by resignation"]

1. d4 Nf6 2. c4 e6 3. Nf3 d5 4.
g3 Bb4+ 5. Bd2 a5 6. Qc2 O-O 7. a3 Be7 8. Bg2 c6 9. O-O Nbd7 10. Rd1 b6 11. Be1 Ba6 12. Nbd2 Rc8 13. Rac1 c5 14.
dxc5 Bxc5 15. Qb3 Qe7 16. Bf1 d4 17. Ng5 Bb7 18. Bg2 Bxg2 19. Kxg2 e5 20. Qf3 h6 21. Nge4 Nxe4 22. Nxe4 f5 23. Nxc5 bxc5 24. Bxa5 e4 25. Qb3 f4 26. Qb7 Kh8 27. b4 Qe6 28. Qd5 f3+ 29. exf3 exf3+ 30. Kh1 Qh3 31. Rg1 Nf6 0-1

[Event "*** Titled Tuesday Blitz"]
[Site "Chess.com"]
[Date "2021.02.16"]
[Round "9"]
[White "moventog"]
[Black "WilliamSchill"]
[Result "1-0"]
[WhiteElo "2314"]
[BlackElo "2045"]
[TimeControl "180+1"]
[EndTime "11:45:43 PST"]
[Termination "moventog won by resignation"]

1. e4 c5 2. Nf3 Nc6 3. d4 cxd4 4.
Nxd4 e5 5. Nb5 d6 6. N1c3 a6 7. Na3 Be7 8. Nc4 b5 9. Ne3 Nf6 10. g3 O-O 11. Bg2 Nd4 12. Ncd5 Nxd5 13. Nxd5 Be6 14. c3 Nc6 15. O-O Bg5 16. Bxg5 Qxg5 17. Nc7 Rad8 18. Nxa6 Ne7 19. Nb4 f5 20. exf5 Rxf5 21.
Nd5 Bxd5 22. Bxd5+ Kh8 23. a4 bxa4 24. Rxa4 Qf6 25.
Be4 Rg5 26. h4 1-0

[Event "*** Titled Tuesday Blitz"]
[Site "Chess.com"]
[Date "2021.02.16"]
[Round "9"]
[White "ljuks68"]
[Black "PaulfromSPb"]
[Result "1-0"]
[WhiteElo "2423"]
[BlackElo "2600"]
[TimeControl "180+1"]
[EndTime "11:45:44 PST"]
[Termination "ljuks68 won by resignation"]

1. e4 a6 2. d4 b5 3. a4 b4 4. c4 bxc3 5. Nxc3 e6 6. Bc4 Bb7 7. d5 Nf6 8. Bg5 h6 9. Bh4 Bb4 10. Qb3 a5 11. e5 g5 12. exf6 gxh4 13. dxe6 fxe6 14. O-O-O Qxf6 15. Nf3 h3 16. Rhe1 Nc6 17. Nd5 Qd8 18. Nxb4 Nxb4 19. Bxe6 hxg2 20. Bg8+ Qe7 21. Qf7+ 1-0

[Event "*** Titled Tuesday Blitz"]
[Site "Chess.com"]
[Date "2021.02.16"]
[Round "9"]
[White "DarZay"]
[Black "DinaBelenkaya"]
[Result "1-0"]
[WhiteElo "2177"]
[BlackElo "2279"]
[TimeControl "180+1"]
[EndTime "11:45:50 PST"]
[Termination "DarZay won by checkmate"]

1. e4 d5 2. exd5 Qxd5 3. Nc3 Qa5 4. d4 Nf6 5. Nf3 Ne4 6. Bd2 Nxd2 7. Qxd2 c6 8. Bc4 Bf5 9. O-O e6 10. Ne5 Bd6 11.
f4 O-O 12. g4 Bxe5 13. gxf5 Bf6 14. fxe6 fxe6 15. Bxe6+ Kh8 16. f5 Na6 17. Qg2 Bxd4+ 18. Kh1 Rad8 19. Rf3 Nc5 20. Bc4 Qc7 21. Qh3 b5 22.
Qxh7+ Kxh7 23. Rh3# 1-0

[Event "*** Titled Tuesday Blitz"]
[Site "Chess.com"]
[Date "2021.02.16"]
[Round "9"]
[White "bsnsun"]
[Black "Cecile-Haussernot"]
[Result "1-0"]
[WhiteElo "2442"]
[BlackElo "2326"]
[TimeControl "180+1"]
[EndTime "11:45:53 PST"]
[Termination "bsnsun won by resignation"]

1. d4 Nf6 2. c4 e6 3. Nf3 c5 4. d5 b5 5. dxe6 fxe6 6. cxb5 d5 7.
g3 Bd6 8. Bg2 O-O 9. O-O Nbd7 10. b3 e5 11. Ng5 Nb6 12. a4 h6 13. a5 hxg5 14. axb6 Qxb6 15. Bxd5+ Nxd5 16. Qxd5+ Kh8 17. Qxa8 Bb7 18. Qxa7 Qxb5 19. Nc3 Qc6 20. e4 c4 21. Qa4 Qb6 22. Be3 Qxb3 23. Qxb3 cxb3 24. Rab1 Ba6 25. Rxb3 Bxf1 26. Kxf1 Ra8 27. Bxg5 Ra1+ 28.
Kg2 Bc5 29. Nd5 Ra2 30. Be3 1-0

[Event "*** Titled Tuesday Blitz"]
[Site "Chess.com"]
[Date "2021.02.16"]
[Round "9"]
[White "onetowin"]
[Black "Piccadilly123"]
[Result "0-1"]
[WhiteElo "2019"]
[BlackElo "2247"]
[TimeControl "180+1"]
[EndTime "11:45:53 PST"]
[Termination "Piccadilly123 won by checkmate"]

1. d4 d5 2. Nf3 Nf6 3. g3 e6 4.
Bg2 Be7 5. O-O O-O 6. c4 b6 7. Nc3 Bb7 8. Ne5 Nbd7 9. Qa4 c5 10. dxc5 Nxe5 11. f4 Nxc4 12. c6 Bc8 13. b3 Bc5+ 14.
Kh1 Ne3 15. Bxe3 Bxe3 16. f5 a6 17. Rf3 Bh6 18. h3 exf5 19. Rd3 Be6 20. Rad1 b5 21. Qb4 Qc7 22. g4 fxg4 23. hxg4 Nxg4 24. Qc5 Qh2# 0-1

[Event "*** Titled Tuesday Blitz"]
[Site "Chess.com"]
[Date "2021.02.16"]
[Round "9"]
[White "Frolyanov_D"]
[Black "sergiochess83"]
[Result "1-0"]
[WhiteElo "2682"]
[BlackElo "2837"]
[TimeControl "180+1"]
[EndTime "11:45:54 PST"]
[Termination "Frolyanov_D won by resignation"]

1. d4 Nf6 2. c4 g6 3. Nc3 d5 4. cxd5 Nxd5 5. e4 Nxc3 6. bxc3 Bg7 7. Bc4 O-O 8. Ne2 c5 9. O-O Nc6 10. Be3 e6 11. h3 b6 12. Qd2 Na5 13. Bd3 Bb7 14.
Rad1 cxd4 15. cxd4 Rc8 16. Bh6 Nc4 17. Bxc4 Rxc4 18.
Bxg7 Kxg7 19. Ng3 Qh4 20. d5 exd5 21. exd5 Rd8 22. d6 Qf4 23. Qb2+ Qf6 24. Qa3 a5 25.
Qe3 Rxd6 26. Nh5+ gxh5 27. Qg3+ Rg4 28. hxg4 Rxd1 29. gxh5+ 1-0

[Event "*** Titled Tuesday Blitz"]
[Site "Chess.com"]
[Date "2021.02.16"]
[Round "9"]
[White "Violord"]
[Black "ural58"]
[Result "1-0"]
[WhiteElo "2727"]
[BlackElo "2543"]
[TimeControl "180+1"]
[EndTime "11:45:58 PST"]
[Termination "Violord won by resignation"]

1. e4 d5 2. exd5 Qxd5 3. Nc3 Qa5 4. d4 Nf6 5. Nf3 Nc6 6. Bb5 Ne4 7. Qd3 Nxc3 8. bxc3 a6 9. Bxc6+ bxc6 10. Ne5 f6 11. Nc4 Qf5 12. Ba3 a5 13. Ne3 Qxd3 14. cxd3 h5 15. Rb1 h4 16. Kd2 Rh5 17. g4 hxg3 18.
hxg3 Rxh1 19. Rxh1 Kf7 20. c4 Rb8 21. Kc3 Bd7 22. Bc5 e5 23. Bxf8 exd4+ 24. Kxd4 Rxf8 25. Rb1 Ke6 26. Rb7 Rc8 27. Ra7 a4 28. c5 g5 29.
Rxa4 f5 30. Ra7 Be8 31. a4 f4 32. gxf4 gxf4 33. Nc4 Rd8+ 34. Kc3 Kd5 35. d4 Ke4 36. Nd2+ Kf5 37. Rxc7 Ra8 38. Nc4 Kg4 39. Ne5+ Kf5 40. Nxc6 Rxa4 41. Nb4 Ke4 42. Re7+ 1-0

[Event "*** Titled Tuesday Blitz"]
[Site "Chess.com"]
[Date "2021.02.16"]
[Round "9"]
[White "Guzman70"]
[Black "AttractiveMustard"]
[Result "0-1"]
[WhiteElo "2246"]
[BlackElo "2387"]
[TimeControl "180+1"]
[EndTime "11:46:02 PST"]
[Termination "AttractiveMustard won by resignation"]

1. d4 Nf6 2. Bf4 d5 3. e3 c5 4. Nd2 Nc6 5. c3 Bf5 6. Qb3 Qd7 7. dxc5 e5 8. Bg3 Bxc5 9. Ngf3 Qe7 10. Bb5 Bd6 11. c4 d4 12. exd4 exd4+ 13. Kf1 O-O 14. Bxc6 bxc6 15. Nxd4 Bg6 16. Nxc6 Qd7 17. Bh4 Qxc6 18.
Bxf6 gxf6 19. Nf3 Rad8 20. h4 Bc5 21. h5 Be4 22. Rh3 Rd3 23. Rg3+ Kh8 24. Qc2 Rxf3 0-1

[Event "*** Titled Tuesday Blitz"]
[Site "Chess.com"]
[Date "2021.02.16"]
[Round "9"]
[White "esteban062000"]
[Black "Supernotar"]
[Result "0-1"]
[WhiteElo "2187"]
[BlackElo "2731"]
[TimeControl "180+1"]
[EndTime "11:46:06 PST"]
[Termination "Supernotar won by checkmate"]

1. Nf3 c5 2. c4 Nc6 3. b3 Nf6 4. g3 g6 5. Bb2 Bg7 6. Bg2 O-O 7.
O-O d5 8. cxd5 Nxd5 9. Bxg7 Kxg7 10. Nc3 Nc7 11. Rc1 b6 12. Qc2 Bb7 13. Rfd1 Ne6 14.
Qb2 Kg8 15. e3 Qd7 16. Ne2 Rfd8 17. d4 cxd4 18. Nexd4 Nexd4 19. Nxd4 Ne5 20. Bxb7 Qxb7 21. Qe2 Rxd4 22. exd4 Nf3+ 23. Kf1 Nxd4 24. Rxd4 Qh1# 0-1

[Event "*** Titled Tuesday Blitz"]
[Site "Chess.com"]
[Date "2021.02.16"]
[Round "9"]
[White "AlexOstrovskiy"]
[Black "CSB7"]
[Result "1-0"]
[WhiteElo "2748"]
[BlackElo "2543"]
[TimeControl "180+1"]
[EndTime "11:46:12 PST"]
[Termination "AlexOstrovskiy won by resignation"]

1. d4 Nf6 2. Bf4 d5 3. e3 c5 4.
c3 Nc6 5. Nd2 e6 6. Ngf3 Bd6 7. Bg3 O-O 8. Bd3 b6 9. e4 Be7 10. e5 Nh5 11. Ng5 Bxg5 12. Qxh5 g6 13. Qe2 cxd4 14. h4 Bxd2+ 15. Qxd2 f5 16. cxd4 Nxd4 17. Qh6 Qe7 18. Bf4 Qb4+ 19. Kf1 Qxb2 20. Rd1 Bd7 21. h5 Bb5 22. hxg6 Bxd3+ 23. Kg1 Ne2+ 24. Kh2 hxg6 25. Qxg6+ Kh8 26. Rxd3 Nxf4 27. Kg3+ 1-0

[Event "*** Titled Tuesday Blitz"]
[Site "Chess.com"]
[Date "2021.02.16"]
[Round "9"]
[White "krzyzan94"]
[Black "NiranjanNavalgund"]
[Result "1-0"]
[WhiteElo "2738"]
[BlackElo "2451"]
[TimeControl "180+1"]
[EndTime "11:46:16 PST"]
[Termination "krzyzan94 won by resignation"]

1. c4 e5 2. g3 Nc6 3. Bg2 f5 4.
Nc3 Nf6 5. d3 Bc5 6. Nh3 f4 7.
e3 d6 8. gxf4 Bg4 9. Qa4 O-O 10.
Nd5 Kh8 11. Bd2 Nxd5 12. cxd5 Ne7 13. fxe5 Bxh3 14. Bxh3 Nxd5 15. Bg2 dxe5 16. Qc4 Nf6 17. Qxc5 Qxd3 18. O-O-O b6 19. Qc3 Qf5 20. Bxa8 Rxa8 21. Qc2 e4 22. Kb1 Ng4 23. Bc3 Nxf2 24. Rhf1 Rf8 25.
Rd2 Qh3 26. Rfxf2 1-0

[Event "*** Titled Tuesday Blitz"]
[Site "Chess.com"]
[Date "2021.02.16"]
[Round "9"]
[White "PlotnikovPavel"]
[Black "Taktikmonster"]
[Result "0-1"]
[WhiteElo "2455"]
[BlackElo "2362"]
[TimeControl "180+1"]
[EndTime "11:46:17 PST"]
[Termination "Taktikmonster won by checkmate"]

1. e4 c5 2. Nc3 Nc6 3. Bb5 Nd4 4.
Nf3 g6 5. O-O Bg7 6. b3 Nxb5 7.
Nxb5 Bxa1 8. c3 Qa5 9. Na3 b5 10. Qc2 Ba6 11. Rd1 b4 12. Nb1 Be2 13. Re1 Bxf3 14.
gxf3 Nf6 15. e5 Nd5 16. Qe4 e6 17. a4 bxc3 18. dxc3 Bxc3 19. Rd1 Qb4 20. Qe2 Qxb3 21. Na3 Qxa4 22. Nc4 O-O 23. Nd6 Bxe5 24. Ne4 Bg7 25. Nxc5 Qc6 26. Ne4 f5 27. Ng5 Nc3 28. Qd2 Nxd1 29. Qxd1 h6 30. Ba3 hxg5 31. Bxf8 Rxf8 32. Qb3 a5 33. Qa3 a4 34. f4 Rb8 35. h4 Rb1+ 36. Kh2 Qh1+ 37. Kg3 Rg1# 0-1

[Event "*** Titled Tuesday Blitz"]
[Site "Chess.com"]
[Date "2021.02.16"]
[Round "9"]
[White "Natalya_Buksa"]
[Black "tteshan"]
[Result "1-0"]
[WhiteElo "2524"]
[BlackElo "2353"]
[TimeControl "180+1"]
[EndTime "11:46:19 PST"]
[Termination "Natalya_Buksa won by resignation"]

1. d4 d5 2. Nc3 Nf6 3. Bf4 c5 4. e3 Nc6 5. Nb5 e5 6. dxe5 Qa5+ 7. c3 c4 8. a4 a6 9. exf6 axb5 10. Qxd5 gxf6 11. Nf3 Be6 12. Qe4 Be7 13. Be2 bxa4 14. O-O f5 15. Qc2 b5 16. e4 fxe4 17. Qxe4 Rc8 18.
Ng5 Nd8 19. Bh5 Qa8 20. Qe2 Bxg5 21. Bxg5 Rg8 22. Bf3 Qa7 23. Bf4 Qe7 24. Rad1 Rg6 25. Rfe1 Qf6 26. Bg3 Kf8 27. Qe4 Kg8 28. Bh4 Qg7 29.
Bxd8 Bh3 30. g3 Re6 31. Qh4 Rxe1+ 32. Rxe1 Be6 33. Bd5 Bf5 1-0

[Event "*** Titled Tuesday Blitz"]
[Site "Chess.com"]
[Date "2021.02.16"]
[Round "9"]
[White "volunteers1998"]
[Black "AsaHoffmann"]
[Result "0-1"]
[WhiteElo "2122"]
[BlackElo "2364"]
[TimeControl "180+1"]
[EndTime "11:46:20 PST"]
[Termination "AsaHoffmann won on time"]

1. e4 d6 2. d4 Nf6 3. Nc3 c6 4. f4 Qa5 5. Bd3 e5 6. Nf3 exd4 7. Nxd4 Qb6 8. Be3 Ng4 9. Bg1 Qxb2 10. Nde2 Qa3 11. h3 Nf6 12. Be3 Be7 13. O-O O-O 14. Qe1 d5 15. e5 Bc5 16. Bxc5 Qxc5+ 17. Kh1 Ne8 18. Qg3 Nd7 19. f5 f6 20. e6 Ne5 0-1

[Event "*** Titled Tuesday Blitz"]
[Site "Chess.com"]
[Date "2021.02.16"]
[Round "9"]
[White "Happy1712Drummer"]
[Black "Mazetovic"]
[Result "0-1"]
[WhiteElo "2465"]
[BlackElo "2706"]
[TimeControl "180+1"]
[EndTime "11:46:22 PST"]
[Termination "Mazetovic won by resignation"]

1. Nf3 c5 2. e4 Nc6 3. Bb5 g6 4. Bxc6 bxc6 5. Nc3 Bg7 6. O-O e6 7. e5 f6 8. Ne4 fxe5 9. c4 d6 10. b3 Ne7 11. d3 O-O 12. Bb2 Nf5 13. Qd2 h6 14. Rae1 g5 15. h3 Bd7 16. Nh2 Be8 17. g4 Nh4 18. f4 gxf4 19. d4 cxd4 20. c5 d5 21. Nd6 Bg6 22. Nf3 Nxf3+ 23. Rxf3 Qg5 24. b4 e4 0-1

[Event "*** Titled Tuesday Blitz"]
[Site "Chess.com"]
[Date "2021.02.16"]
[Round "9"]
[White "vladimirdamjanovic"]
[Black "BahadirOzen"]
[Result "1/2-1/2"]
[WhiteElo "2546"]
[BlackElo "2739"]
[TimeControl "180+1"]
[EndTime "11:46:22 PST"]
[Termination "Game drawn by agreement"]

1. d4 g6 2. Nc3 Bg7 3. e4 d6 4. Nf3 Nf6 5. Bc4 O-O 6. O-O Nxe4 7. Nxe4 d5 8. Bd3 dxe4 9. Bxe4 Nd7 10. c3 c5 11. Be3 Nf6 12. Bc2 cxd4 13. Bxd4 b6 14. a4 Bb7 15. a5 bxa5 16. Re1 Qc7 17. Ne5 Rad8 18. Qe2 Nd7 19. Nxd7 Rxd7 20. Bxg7 Kxg7 21. Ba4 Bc6 22. Qc4 Rc8 23. Bxc6 Qxc6 24. Qxc6 Rxc6 25. Rxa5 Rb7 26. Ra2 1/2-1/2

[Event "*** Titled Tuesday Blitz"]
[Site "Chess.com"]
[Date "2021.02.16"]
[Round "9"]
[White "awesomevishesh"]
[Black "pavelalexandru07"]
[Result "1-0"]
[WhiteElo "2497"]
[BlackElo "2322"]
[TimeControl "180+1"]
[EndTime "11:46:24 PST"]
[Termination "awesomevishesh won by resignation"]

1. b3 d5 2. Bb2 c5 3. e3 a6 4. Nf3 Nc6 5. d4 e6 6. Be2 Nf6 7. O-O Bd6 8. Nbd2 O-O 9. c4 cxd4 10.
exd4 Bb8 11. Re1 Re8 12. Bd3 h6 13. a3 Ba7 14. c5 Bb8 15. b4 b6 16. Qc2 Bb7 17.
Nb3 b5 18. Bc3 Ne4 19. Bxe4 dxe4 20. Qxe4 Qd7 21. d5 Ne7 22. c6 Nxc6 23. dxc6 Bxc6 24. Qd4 1-0

[Event "*** Titled Tuesday Blitz"]
[Site "Chess.com"]
[Date "2021.02.16"]
[Round "9"]
[White "bascheyaro"]
[Black "Bulldog167"]
[Result "1-0"]
[WhiteElo "2729"]
[BlackElo "2865"]
[TimeControl "180+1"]
[EndTime "11:46:25 PST"]
[Termination "bascheyaro won on time"]

1. d4 Nf6 2. c4 c5 3. Nf3 e6 4.
Nc3 d5 5. cxd5 exd5 6. Bg5 Be6 7. e3 a6 8. Rc1 Nbd7 9. Bd3 Be7 10. O-O O-O 11. Bb1 Rc8 12. h3 c4 13. Ne5 b5 14.
a3 Nxe5 15. dxe5 Nd7 16. Bxe7 Qxe7 17. f4 Nb6 18. Qd4 Qc5 19. f5 Bd7 20. f6 Qxd4 21.
exd4 Be6 22. fxg7 Kxg7 23. Rf6 Na4 24. Nxa4 bxa4 25. Rc3 Rg8 26. Rg3+ Kf8 27. Rgf3 Ke7 28. Bxh7 Rh8 29. Bf5 Bxf5 30. R3xf5 Rh7 31. Rxa6 Rb8 32. Ra7+ Kf8 33. e6 Rg7 34. g4 Rxb2 35. e7+ Ke8 36. Rxd5 Rb8 37. Rad7 1-0

[Event "*** Titled Tuesday Blitz"]
[Site "Chess.com"]
[Date "2021.02.16"]
[Round "9"]
[White "andrewtnb"]
[Black "m_ezat"]
[Result "0-1"]
[WhiteElo "2320"]
[BlackElo "2489"]
[TimeControl "180+1"]
[EndTime "11:46:30 PST"]
[Termination "m_ezat won by resignation"]

1. d4 Nf6 2. c4 g6 3. Nc3 Bg7 4. e4 d6 5. Nf3 O-O 6. Be2 e5 7. O-O exd4 8. Nxd4 Re8 9. f3 c6 10. Nc2 Na6 11. Kh1 d5 12. cxd5 cxd5 13. Bb5 Bd7 14.
Bxa6 bxa6 15. exd5 Rb8 16. Nd4 Qb6 17. Bf4 Rbc8 18. Qd2 Nh5 19. Nb3 Nxf4 20. Qxf4 Be5 21. Qd2 Qf6 22. Ne4 Qg7 23. Rab1 Bf5 24. Nbc5 Red8 25. Nxa6 Rc4 26. b3 Rd4 27. Qe2 R4xd5 28. Rfd1 Bxe4 29. fxe4 Qh6 30. g3 Rd2 31. Rxd2 Rxd2 0-1

[Event "*** Titled Tuesday Blitz"]
[Site "Chess.com"]
[Date "2021.02.16"]
[Round "9"]
[White "Chesspirate_Channel"]
[Black "DanilNajdin"]
[Result "1-0"]
[WhiteElo "2327"]
[BlackElo "2445"]
[TimeControl "180+1"]
[EndTime "11:46:30 PST"]
[Termination "Chesspirate_Channel won by resignation"]

1. d4 f5 2. e4 fxe4 3. f3 exf3 4. Nxf3 Nf6 5. Bd3 e6 6. O-O Be7 7. Nc3 Nc6 8. Ne5 O-O 9. Be3 d6 10. Ng4 e5 11. Nxf6+ Bxf6 12. d5 Ne7 13. Ne4 Bf5 14.
Ng5 Bxg5 15. Bxg5 Bxd3 16. Qxd3 Rxf1+ 17. Rxf1 Qd7 18. Qf3 Ng6 19. Qb3 b6 20. h4 Rf8 21.
Rxf8+ Nxf8 22. Qc4 h6 23. Be3 a5 24. h5 Nh7 25. a3 Nf6 26. b4 axb4 27. axb4 Nxh5 28. Qc6 Qxc6 29. dxc6 Kf7 30. Bxb6 Ke6 31. Bxc7 Kd5 32. b5 Nf4 33. c4+ Kc5 34. Bb8 Kb6 35. Bxd6 Nd3 36. c5+ Ka7 37. b6+ Ka6 38. b7 1-0

[Event "*** Titled Tuesday Blitz"]
[Site "Chess.com"]
[Date "2021.02.16"]
[Round "9"]
[White "Sokoloco"]
[Black "Sanyura"]
[Result "1-0"]
[WhiteElo "2466"]
[BlackElo "2694"]
[TimeControl "180+1"]
[EndTime "11:46:33 PST"]
[Termination "Sokoloco won by checkmate"]

1. b3 e5 2. Bb2 d6 3. e3 Nd7 4. d4 Ngf6 5. Nf3 exd4 6. exd4 Be7 7.
Bd3 O-O 8. O-O a5 9. c4 a4 10. d5 Re8 11. b4 c6 12. dxc6 bxc6 13. a3 Bf8 14. Nc3 Nb6 15. h3 Be6 16. Nd2 Qc8 17.
Qf3 Nbd7 18. Nce4 Nxe4 19. Nxe4 h6 20. Qg3 d5 21. cxd5 Bxd5 22. Nd6 Bxd6 23. Qxg7# 1-0

[Event "*** Titled Tuesday Blitz"]
[Site "Chess.com"]
[Date "2021.02.16"]
[Round "9"]
[White "exoticprincess"]
[Black "Genghis_K"]
[Result "0-1"]
[WhiteElo "2907"]
[BlackElo "2923"]
[TimeControl "180+1"]
[EndTime "11:46:36 PST"]
[Termination "Genghis_K won on time"]

1. d4 Nf6 2. Bg5 c5 3. d5 Ne4 4. Bf4 Qb6 5. b3 Qf6 6. f3 Qxf4 7. fxe4 Qxe4 8. Nf3 g6 9. Nbd2 Qe3 10. d6 e6 11. g3 Bxd6 12. Bg2 Be7 13. c3 d5 14. Qc2 Nc6 15. Nf1 Qh6 16. N1d2 O-O 17. O-O e5 18. e4 dxe4 19. Nxe4 f5 20. Ned2 e4 21. Ne1 Be6 22. Rd1 Rad8 23. h4 Bd6 24. Nc4 Bxg3 25.
Rxd8 Rxd8 0-1

[Event "*** Titled Tuesday Blitz"]
[Site "Chess.com"]
[Date "2021.02.16"]
[Round "9"]
[White "woodhy"]
[Black "IsaacWiebe"]
[Result "1-0"]
[WhiteElo "2460"]
[BlackElo "2224"]
[TimeControl "180+1"]
[EndTime "11:46:37 PST"]
[Termination "woodhy won by resignation"]

1. e4 e6 2. d4 d5 3. e5 c5 4. c3 Nc6 5. Be3 Bd7 6. Nf3 Qb6 7. Qd2 Nh6 8. Be2 Nf5 9. O-O cxd4 10. cxd4 Rc8 11.
Nc3 Bb4 12. Rac1 O-O 13. Bd3 Na5 14. Bxf5 exf5 15. Qd3 Bxc3 16. Rxc3 Rxc3 17. bxc3 Nc4 18. Rb1 Qa6 19. h4 b6 20. Qe2 Be6 21. Ng5 h6 22. Nh3 Qa3 23. Rb3 Qa5 24. Nf4 Rc8 25. Bc1 b5 26. Kh2 a6 27. Nd3 Qc7 28. Nc5 Nxe5 29.
Bf4 Ng4+ 30. Qxg4 fxg4 31. Bxc7 Rxc7 32. Nxa6 Ra7 33. Nb4 Kf8 34. Kg3 Ke7 35. Nc6+ 1-0

[Event "*** Titled Tuesday Blitz"]
[Site "Chess.com"]
[Date "2021.02.16"]
[Round "9"]
[White "JQuiroga18"]
[Black "mbojan"]
[Result "1-0"]
[WhiteElo "2458"]
[BlackElo "2613"]
[TimeControl "180+1"]
[EndTime "11:46:49 PST"]
[Termination "JQuiroga18 won on time"]

1. e4 g6 2. d4 Bg7 3. Nf3 d6 4.
h3 Nf6 5. Nc3 Nc6 6. Be3 e5 7.
Bc4 O-O 8. O-O a6 9. a4 h6 10. Qd2 Kh7 11. Rad1 Qe7 12. dxe5 Nxe5 13. Nxe5 dxe5 14.
Nd5 Nxd5 15. Bxd5 c6 16. Bb3 Re8 17. Qd6 Be6 18. Qxe7 Rxe7 19. Bc5 Bxb3 20. cxb3 Rc7 21. Rd3 b5 22. Rfd1 Bf8 23. Bb6 Rb7 24. a5 1-0

[Event "*** Titled Tuesday Blitz"]
[Site "Chess.com"]
[Date "2021.02.16"]
[Round "9"]
[White "Shahaliyev"]
[Black "ChainsOfFantasia"]
[Result "1-0"]
[WhiteElo "2677"]
[BlackElo "2495"]
[TimeControl "180+1"]
[EndTime "11:46:51 PST"]
[Termination "Shahaliyev won by resignation"]

1. Nf3 Nf6 2. g3 d5 3. Bg2 e6 4. O-O Be7 5. c4 O-O 6. b3 c5 7. e3 Nc6 8. Bb2 d4 9. exd4 cxd4 10.
Re1 Ng4 11. h3 Nh6 12. d3 f6 13. Nbd2 e5 14. a3 a5 15. Ne4 Bd7 16. Qd2 Rb8 17. Qc2 Nf7 18. Bc1 f5 19. Ned2 Qc7 20. Bb2 Bf6 21. Nh2 Rbe8 22. b4 axb4 23. axb4 Nxb4 24. Qb3 Nc6 25. Ba3 Be7 26. Bxe7 Rxe7 27. Bd5 Kh8 28. Nhf3 f4 29. g4 h5 30. Kg2 hxg4 31. hxg4 Bxg4 32. Rh1+ Nh6 33. Rh4 Qd7 34. Rah1 Qf5 35. Be4 Qf6 36.
Rxg4 Kg8 37. Rg6 Qf7 38. Bd5 1-0

[Event "*** Titled Tuesday Blitz"]
[Site "Chess.com"]
[Date "2021.02.16"]
[Round "9"]
[White "bocah_sakit"]
[Black "Zubrrr"]
[Result "1-0"]
[WhiteElo "2850"]
[BlackElo "2651"]
[TimeControl "180+1"]
[EndTime "11:46:52 PST"]
[Termination "bocah_sakit won by resignation"]

1. e4 e5 2. Nf3 f5 3. Nxe5 Qf6 4. d4 d6 5. Nc4 fxe4 6. Nc3 Qg6 7. Qe2 Nf6 8. f3 Nc6 9. Be3 Be7 10. O-O-O O-O 11.
d5 Nb4 12. a3 Na6 13. h4 h6 14. Kb1 Bf5 15. Qd2 exf3 16. gxf3 Kh8 17. Rg1 Qh7 18. Be2 Rae8 19. Bd4 Nc5 20. Kc1 a6 21. Rg2 Rf7 22. Rdg1 Bf8 23. Ne3 Nh5 24. Nxf5 Qxf5 25.
Qxh6+ Qh7 26. Qxh7+ Kxh7 27. Bxc5 dxc5 28. Bd3+ Kg8 29.
Bg6 Nf4 30. Bxf7+ Kxf7 31. Rg4 Nh5 32. Ne4 c4 33. Rg5 1-0

[Event "*** Titled Tuesday Blitz"]
[Site "Chess.com"]
[Date "2021.02.16"]
[Round "9"]
[White "Ave_Mariia"]
[Black "Susal_De_Silva"]
[Result "1-0"]
[WhiteElo "2496"]
[BlackElo "2606"]
[TimeControl "180+1"]
[EndTime "11:46:55 PST"]
[Termination "Ave_Mariia won by resignation"]

1. d4 Nf6 2. c4 e6 3. g3 d5 4. Nf3 c6 5. Bg2 Be7 6. O-O O-O 7. Nbd2 b6 8. Qc2 Nbd7 9. e4 Bb7 10. e5 Ne8 11.
cxd5 cxd5 12. Re1 Rc8 13. Qa4 a6 14. Nf1 b5 15. Qd1 Qc7 16. Ne3 Nb6 17. h4 g6 18.
h5 Ng7 19. hxg6 fxg6 20. Ng4 Nf5 21. Nh6+ Kh8 22. Nxf5 gxf5 23. Ng5 Bxg5 24. Bxg5 Qf7 25. Qf3 Qg6 26. Qf4 Nc4 27. Bf6+ Kg8 28. b3 Nb6 29. Qh4 Rce8 30. Bf3 Rxf6 31. Bh5 Rf7 32. Bxg6 hxg6 33. Qg5 Kg7 34. Kg2 Rh8 35. Rh1 Rxh1 36. Rxh1 1-0

[Event "*** Titled Tuesday Blitz"]
[Site "Chess.com"]
[Date "2021.02.16"]
[Round "9"]
[White "Skat2704"]
[Black "DJojua"]
[Result "1-0"]
[WhiteElo "2557"]
[BlackElo "2719"]
[TimeControl "180+1"]
[EndTime "11:46:57 PST"]
[Termination "Skat2704 won by resignation"]

1. d4 Nf6 2. c4 g6 3. Nf3 Bg7 4. Nc3 d6 5. e4 O-O 6. Be2 e5 7. dxe5 dxe5 8. Qxd8 Rxd8 9. Bg5 Re8 10. O-O c6 11.
Nd2 Na6 12. Nb3 Be6 13. Rfd1 Nd7 14. Be3 Bf8 15. Na4 Nf6 16. f3 Nb4 17. Rd2 b6 18. a3 Na6 19. Rad1 b5 20. Nac5 Nxc5 21. Nxc5 Bxc4 22. Bxc4 bxc4 23. Rc1 Red8 24. Rxc4 Rxd2 25. Bxd2 Rd8 26. Be3 Rd1+ 27. Kf2 Ne8 28. Nb3 Nd6 29. Rxc6 Nb5 30. Rc8 Kg7 31. a4 Nd4 32. Nxd4 exd4 33.
Ke2 1-0

[Event "*** Titled Tuesday Blitz"]
[Site "Chess.com"]
[Date "2021.02.16"]
[Round "9"]
[White "Rodalquilar"]
[Black "arminmusovic"]
[Result "0-1"]
[WhiteElo "2650"]
[BlackElo "2511"]
[TimeControl "180+1"]
[EndTime "11:47:00 PST"]
[Termination "arminmusovic won on time"]

1. d4 d5 2. Nf3 c5 3. dxc5 Nc6 4. c4 e6 5. cxd5 exd5 6. Nc3 d4 7.
Na4 Bxc5 8. Nxc5 Qa5+ 9. Qd2 Qxc5 10. a3 Nf6 11. b4 Qb6 12. Bb2 Ne4 13. Qd3 Bf5 14.
Nxd4 Nxd4 15. Qxd4 Qe6 16. Qxg7 O-O-O 17. Rc1+ Kd7 18. Qd4+ Nd6 19. e4 Bxe4 20. Kd1 Qb3+ 21. Kd2 Bd5 22. Bd3 Rhg8 23. Rc2 Rc8 24. Rhc1 Rxc2+ 25. Rxc2 Rxg2 26. Qxa7 Be4 27. Bxe4 Nxe4+ 0-1

[Event "*** Titled Tuesday Blitz"]
[Site "Chess.com"]
[Date "2021.02.16"]
[Round "9"]
[White "Khnykin_Nikolay"]
[Black "Cptn2"]
[Result "0-1"]
[WhiteElo "2051"]
[BlackElo "2328"]
[TimeControl "180+1"]
[EndTime "11:47:02 PST"]
[Termination "Cptn2 won by checkmate"]

1. e4 c5 2. Nf3 Nc6 3. d4 cxd4 4. c3 g6 5. cxd4 Bg7 6. Bc4 d6 7. Nc3 Nf6 8. e5 dxe5 9. dxe5 Qxd1+ 10. Nxd1 Ng4 11. Ng5 Ngxe5 12. Bb3 h6 13. Ne4 Nd3+ 14. Ke2 Nxc1+ 15. Rxc1 O-O 16. Re1 Nd4+ 17. Kf1 Nxb3 18. axb3 Be6 19. Ndc3 Rac8 20. f4 Bxb3 21. Nd2 Be6 22.
Ndb1 Bd4 23. Na3 a6 24. Re4 Rfd8 25. h3 b5 26. Nc2 Bc4+ 27. Ke1 Bf6 28. g4 e6 29. Nb4 a5 30. Nc2 Bd3 31. Re3 b4 32. Na4 Rxc2 33. Rxc2 Bxc2 34. Nc5 Bd4 35. Rg3 Bxc5 36.
b3 Rd3 37. Rxd3 Bxd3 38. g5 Bc2 39. h4 Bxb3 40. h5 gxh5 41. gxh6 h4 42. f5 exf5 43.
h7+ Kxh7 44. Kf1 Bd5 45. Ke2 h3 46. Kf1 h2 47. Ke2 h1=Q 48. Kd2 a4 49. Kc2 a3 50. Kd2 a2 51. Kd3 a1=Q 52. Kc2 Qc3# 0-1